 Dungeon Crawl Stone Soup version 0.29.1-15-g9cfb28693d (webtiles) character file.

Game seed: 13447904400510895512

2422 growler the Martial Artist (level 9, -15/66 HPs)
             Began as a Merfolk Transmuter on Mar 22, 2023.
             Was a Follower of Wu Jian.
             Killed by divine providence
             ... invoked by an orc priest
              (16 damage)
             ... on level 7 of the Dungeon.
             The game lasted 00:14:01 (7608 turns).

growler the Martial Artist (Merfolk Transmuter)     Turns: 7608, Time: 00:14:01

Health: -15/66     AC:  2    Str: 16    XL:     9   Next: 48%
Magic:  13/15      EV: 20    Int: 14    God:    Wu Jian [*.....]
Gold:   294        SH:  0    Dex: 22    Spells: 6/16 levels left

rFire   . . .      SeeInvis .     - Unarmed
rCold   . . .      Faith    .   (shield currently unavailable)
rNeg    . . .      Spirit   .   (body armour currently unavailable)
rPois   x          Reflect  .   (helmet currently unavailable)
rElec   .          Harm     .   (cloak currently unavailable)
rCorr   .          Rampage  .   (gloves currently unavailable)
Will    .....                   (boots currently unavailable)
Stlth   ++........              (no amulet)
HPRegen 0.21/turn               p - +6 ring of strength
MPRegen 0.14/turn               (no ring)

@: spider-form (expiring)
A: venomous fangs, tiny, (nimble swimmer 2), (mertail)
a: End Transformation, Renounce Religion


You were on level 7 of the Dungeon.
You worshipped Wu Jian.
Wu Jian was aware of your devotion.
You were a venomous arachnid creature.
You visited 2 branches of the dungeon, and saw 8 of its levels.

You collected 294 gold pieces.

Inventory:

Hand Weapons
 d - a +1 vorpal sling
Armour
 a - a +0 robe
 c - a +0 pair of boots (melded)
 o - a +0 helmet (melded)
 x - a +1 pair of boots
 B - +0 steam dragon scales (melded)
Jewellery
 p - a +6 ring of strength (left front leg)
Wands
 s - a wand of flame (18)
 w - a wand of mindburst (5)
 y - a wand of roots (6)
Scrolls
 b - a scroll of vulnerability {unknown}
 g - 2 scrolls of teleportation
 h - a scroll of amnesia {unknown}
 i - 3 scrolls of immolation {unknown}
 k - 2 scrolls of noise
 l - a scroll of summoning
 m - 2 scrolls of poison {unknown}
 q - a scroll of enchant armour {unknown}
 A - a scroll of butterflies {unknown}
Potions
 e - a potion of degeneration {unknown}
 f - a potion of haste
 j - a potion of mutation {unknown}
 n - a potion of curing
 r - a potion of invisibility {unknown}
 t - a potion of cancellation {unknown}
 u - a potion of attraction {unknown}
 v - a potion of might {unknown}
 z - a potion of heal wounds {unknown}


   Skills:
 + Level 4.5 Fighting
 - Level 2.6 Dodging
 + Level 10.9 Unarmed Combat
 - Level 4.0 Spellcasting
 - Level 6.0 Transmutations
 + Level 4.1 Ice Magic


You had 6 spell levels left.
You knew the following spells:

 Your Spells              Type           Power      Damage    Failure   Level
a - Beastly Appendage     Tmut           38%        N/A       7%          1
b - Wereblood             Tmut           19%        N/A       10%         2
c - Spider Form           Tmut/Pois      11%        N/A       36%         3
d - Ice Form              Ice/Tmut       17%        N/A       45%         4

Your spell library contained the following spells:

 Spells                   Type           Power      Damage    Failure   Level
 Sting                    Tmut/Pois      44%        1d5       16%         1
 Poisonous Vapours        Pois/Air       4%         N/A       50%         2
 Static Discharge         Conj/Air       2%         3-4/arc   50%         2
 Corpse Rot               Necr/Pois/Air  2%         N/A       96%         4
 Dispel Undead            Necr           2%         3d7       96%         4
 Olgreb's Toxic Radiance  Pois           2%         N/A       96%         4
 Sticky Flame             Conj/Fire      2%         2d3       96%         4
 Summon Lightning Spire   Summ/Air       2%         N/A       96%         4
 Death Channel            Necr           1%         N/A       100%        6
 Storm Form               Tmut/Air       5%         N/A       100%        7
 Maxwell's Capacitive Co  Air            1%         ∞         100%        8


Dungeon Overview and Level Annotations

Branches:
Dungeon (7/15)             Temple (1/1) D:4

Altars:
Cheibriados
Dithmenos
Elyvilon
Fedhas
Gozag
Kikubaaqudgha
Nemelex Xobeh
Okawaru
Qazlal
Ru
Uskayaw
Vehumet
Wu Jian
Xom
Zin

Shops:
D:1 !


Innate Abilities, Weirdness & Mutations

You are a venomous arachnid creature.
You have poisonous fangs.
You are tiny and dextrous.
Your spellcasting is less reliable in this form.
Your armour is entirely melded.
You are incapable of wielding weapons or throwing items.
((You are very nimble when in or above water. (Stealth+, EV+, Speed+++)))
((Your lower body shifts to a powerful aquatic tail in water.))


Message History

There is a stone staircase leading up here.
There is a stone staircase leading up here.
Done exploring.
Done exploring.
Done exploring.
Things that are here:
a +0 falchion; a +0 robe
There is a stone staircase leading down here.
You climb downwards.
You hear the hiss of flowing sand.
There is an entrance to an ossuary on this level.
Hurry and find it before the portal is buried!
There is a stone staircase leading up here.
Found a scroll labelled ACUKAS UDURR. 2 orc priests come into view.
An orc warrior comes into view. It is wielding a +0 glaive.
Found an escape hatch in the floor.
The orc priest shouts!
You hear a shout!
The orc warrior shouts!
The orc warrior moves out of view.
Casting: Spider Form (dangerous; 17% risk of failure)
Confirm with . or Enter, or press ? or * to list all spells.
You turn into a venomous arachnid creature.
Your +0 helmet melds into your body.
Your +0 pair of boots melds into your body.
Your +0 steam dragon scales melds into your body.
The orc priest mumbles some strange prayers to Beogh against you.
Beogh smites you!
You hear a shout!
Found a helmet.
The orc warrior hits you from afar with a +0 glaive!!
The orc priest looks braver for a moment.
The orc warrior throws a boomerang.
The boomerang completely misses you.
Your transformation is almost over.
The orc warrior throws a boomerang.
The boomerang hits you!
* * * LOW HITPOINT WARNING * * *
The orc warrior throws a boomerang.
The boomerang hits you!
* * * LOW HITPOINT WARNING * * *
The orc warrior throws a boomerang.
The boomerang closely misses you.
The orc priest calls down the wrath of Beogh upon you.
Beogh smites you!
You die...

. . #. ###.###### .#
.........# .##
##.......####..# ###
.......<.#.....##...
.......s............
########............
#............
#........#.
#.......## #...o..##
#...o.## ##...o.##
##.....#


You could see an orc warrior and 2 orc priests.

Vanquished Creatures
  Prince Ribbit (D:5)
  Sigmund (D:5)
  A steam dragon (D:6)
  Duvessa (D:5)
  2 black bears
  2 ice beasts
  2 centaurs (D:6)
  3 ogres
  2 phantoms
  A bullfrog (D:4)
  A scorpion (D:6)
  3 wights (D:6)
  Dowan (D:5)
  A jelly (D:6)
  2 hounds
  4 orc priests
  2 iguanas
  An iron imp (D:5)
  Ijyb (D:5)
  Natasha (twice) (D:4)
  Robin (D:3)
  6 adders
  4 gnolls (D:5)
  A shadow imp (D:6)
  A white imp (D:5)
  A worm (D:2)
  2 dart slugs (D:2)
  11 orcs
  6 bats
  8 endoplasms
  2 giant cockroaches (D:3)
  12 goblins
  7 hobgoblins
  2 jackals (D:2)
  4 quokkas
  A ball python (D:3)
  3 frilled lizards
  9 kobolds
  5 rats
120 creatures vanquished.

Notes
Turn   | Place    | Note
-------+----------+-------------------------------------------
     0 | D:1      | growler the Merfolk Transmuter began the quest for the Orb.
     0 | D:1      | Reached XP level 1. HP: 15/15 MP: 3/3
   109 | D:1      | Found Puonysou's Distillery.
   247 | D:1      | Found a faded altar of an unknown god.
   268 | D:1      | Reached XP level 2. HP: 21/21 MP: 5/5
   271 | D:1      | Learned a level 2 spell: Wereblood
   776 | D:2      | Reached XP level 3. HP: 9/26 MP: 4/6
   782 | D:2      | Learned a level 3 spell: Spider Form
  1321 | D:2      | Reached skill level 4 in Unarmed Combat
  1332 | D:2      | Reached XP level 4. HP: 26/32 MP: 4/8
  1611 | D:3      | Noticed a black bear
  1621 | D:3      | Killed a black bear
  1622 | D:3      | Reached skill level 5 in Unarmed Combat
  1622 | D:3      | Reached XP level 5. HP: 10/37 MP: 5/9
  1637 | D:3      | Learned a level 4 spell: Ice Form
  2171 | D:3      | Noticed Robin
  2203 | D:3      | Killed Robin
  2204 | D:3      | Reached skill level 6 in Unarmed Combat
  2343 | D:3      | Reached XP level 6. HP: 41/43 MP: 8/10
  3261 | D:4      | Noticed Natasha
  3270 | D:4      | Killed Natasha
  3271 | D:4      | Reached skill level 7 in Unarmed Combat
  3427 | D:4      | Reached XP level 7. HP: 43/48 MP: 5/11
  3483 | D:4      | Found a staircase to the Ecumenical Temple.
  3493 | Temple   | Entered the Ecumenical Temple
  3554 | Temple   | Became a worshipper of the Wu Jian Council
  3719 | D:4      | Noticed Natasha
  3726 | D:4      | Killed Natasha
  4087 | D:5      | Entered Level 5 of the Dungeon
  4138 | D:5      | Reached skill level 8 in Unarmed Combat
  4300 | D:5      | Noticed Sigmund
  4316 | D:5      | Killed Sigmund
  4385 | D:5      | Reached skill level 9 in Unarmed Combat
  4415 | D:5      | Noticed Prince Ribbit
  4427 | D:5      | Killed Prince Ribbit
  4428 | D:5      | Reached skill level 10 in Unarmed Combat
  4428 | D:5      | Reached XP level 8. HP: 30/54 MP: 6/12
  4575 | D:5      | Found an ancient bone altar of Kikubaaqudgha.
  4866 | D:5      | Reached skill level 1 in Ice Magic
  4987 | D:5      | Found a snail-covered altar of Cheibriados.
  5506 | D:5      | Noticed Duvessa
  5506 | D:5      | Noticed Dowan
  5514 | D:5      | Killed Duvessa
  5518 | D:5      | Killed Dowan
  5519 | D:5      | Reached skill level 5 in Transmutations
  5766 | D:5      | Noticed Ijyb
  5774 | D:5      | Killed Ijyb
  6235 | D:6      | Reached XP level 9. HP: 49/63 MP: 8/14
  7311 | D:6      | Reached * piety under Wu Jian
  7607 | D:7      | HP: 1/66 [orc warrior/boomerang (14)]
  7608 | D:7      | Killed from afar by an orc priest

Illustrated notes

Levels and vault maps discovered:
D:1:      lemuel_arrival_lava_pool, layout_basic, serial_shops,
          nicolae_shop_trees, ebering_ecumenical_altar_petrified
D:2:      layout_loops_cross, kennysheep_generic_room_10
D:3:      layout_loops_ring, hangedman_decor_push, uniq_robin
D:4:      layout_loops_cross, minmay_temple_entry_overgrown, uniq_natasha
D:5:      layout_basic, slow_altar_1, lemuel_crystal_altar, uniq_sigmund,
          uniq_duvessa, uniq_ijyb, uniq_prince_ribbit1
D:6:      layout_loops_cross, nrook_mini_backslash
D:7:      cheibrodos_wizards_tower, layout_rooms,
          chequers_temple_overflow_statue_of_worship, enter_ossuary_5
Temple:   nicolae_temple_superstar

Skill      XL: |  1  2  3  4  5  6  7  8  9 |
---------------+----------------------------+-----
Transmutations | 3 4 5 6 |  6.0
Unarmed Combat | 4 5 6 7 10 | 10.9
Spellcasting   | 3 4 |  4.0
Ice Magic      | 2 4 |  4.1
Fighting       | 3 4 |  4.5
Dodging        | |  2.6

Action                   |  1- 3 |  4- 6 |  7- 9 || total
-------------------------+-------+-------+-------++-------
Melee: Unarmed           |    45 |   128 |   147 ||   320
       Headbutt          |     5 |    11 |     9 ||    25
       Punch             |     1 |     3 |     2 ||     6
 Fire: Sling             |    31 |       |       ||    31
 Cast: Beastly Appendage |     5 |    15 |    11 ||    31
       Wereblood         |     1 |     4 |     2 ||     7
       Spider Form       |       |     5 |    19 ||    24
       Ice Form          |       |       |     2 ||     2
Invok: Lunge             |       |       |    14 ||    14
Evoke: Wand              |       |       |     1 ||     1
  Use: Potion            |     1 |       |     2 ||     3
       Scroll            |       |     3 |       ||     3
 Stab: Distracted        |       |       |     1 ||     1
Armor: Robe              |     7 |    15 |     4 ||    26
       Skin              |     4 |     1 |    11 ||    16
Dodge: Dodged            |    30 |    81 |    78 ||   189
